 Dungeon Crawl Stone Soup version 0.18.1-8-gdd0e5ea (webtiles) character file.

26 jacquesderrida the Charmwright (level 2, 0/23 HPs)
             Began as a Demonspawn Skald on May 28, 2016.
             Slain by Sigmund
             ... wielding a +6 scythe of freezing
              (3 damage)
             ... on level 2 of the Dungeon.
             The game lasted 00:00:33 (343 turns).

jacquesderrida the Charmwright (Demonspawn Skald)    Turns: 343, Time: 00:00:35

Health: 0/23       AC:  3    Str: 12    XL:     2   Next: 89%
Magic:  5/5        EV: 11    Int: 13    God:
Gold:   44         SH:  0    Dex: 12    Spells: 1 memorised, 4 levels left

rFire  + . .     SeeInvis .     a - +0 spear
rCold  . . .     Gourm    .     b - +0 leather armour
rNeg   . . .     Faith    .     (no shield)
rPois  .         Spirit   .     (no helmet)
rElec  .         Dismiss  .     (no cloak)
rCorr  .         Reflect  .     (no gloves)
SustAt +         Harm     .     (no boots)
MR     .....                    (no amulet)
Stlth  +.........               (no ring)
                                f - ring of sustain attributes

@: lethally poisoned (0 -> -5), not resistant to hostile enchantments, very
unstealthy
A: fire resistance 1
a: no special abilities


You were on level 2 of the Dungeon.
You were not hungry.

You visited 1 branch of the dungeon, and saw 2 of its levels.

You collected 44 gold pieces.

Inventory:

Hand Weapons
 a - a +0 spear (weapon)
Armour
 b - a +0 leather armour (worn)
Jewellery
 f - a ring of sustain attributes (left hand)
Scrolls
 i - a scroll of enchant armour {unknown}
 j - a scroll of teleportation {unknown}
Potions
 e - 2 potions of curing {unknown}
 h - 2 potions of heal wounds {unknown}
Books
 c - a book of Battle

   Spells                             Type                      Level
   a - Infusion                       Charms                       1
   b - Shroud of Golubria             Charms/Translocation         2
   c - Song of Slaying                Charms                       2
   d - Spectral Weapon                Hexes/Charms                 3
   e - Regeneration                   Charms/Necromancy            3
Comestibles
 d - a bread ration
 g - a slice of pizza


   Skills:
 + Level 2.4 Fighting
 + Level 2.1 Polearms
 + Level 0.8 Armour
 + Level 1.1 Dodging
 + Level 2.1 Spellcasting
 + Level 3.0 Charms


You had 4 spell levels left.
You knew the following spells:

 Your Spells              Type           Power        Failure   Level  Hunger
a - Infusion              Chrm           #...         12%         1    ##.....


Dungeon Overview and Level Annotations

Branches:
Dungeon (2/15)

Altars:

Annotations:
D:2 Sigmund


Innate Abilities, Weirdness & Mutations

Your flesh is heat resistant.


Message History

No target in view!
You open the door.
An adder and Sigmund come into view.
Sigmund shouts!
There is an open door here.
There are monsters nearby!
There are monsters nearby!
You closely miss the adder. The adder bites you.
There are monsters nearby!
You closely miss the adder. The adder closely misses you. The adder bites you.
You are poisoned.
The adder poisons you!
There are monsters nearby!
There are monsters nearby!
You closely miss the adder.
You feel sick. The adder closely misses you.
Sigmund says, "Now you see me, now you don't..."
Sigmund hits you from afar with a scythe of freezing.
* * * LOW HITPOINT WARNING * * *
Sigmund freezes you.
You die...

#.#######.#..#.#
#.###...#.#....######
#.....# #.#.#.......#
....### #.#.#.......#
....+ #....#......#
....# ####.......##
....# #.......#
....### #.......#
###...# #####@###
###.# #S.......
###.#'## #@..##...
.......# ##..#
...[...# ... .......#
...# .......# ....
.......+ ...##
.......#


You could see Sigmund and an adder.

Vanquished Creatures
  An ooze (D:1)
  A giant gecko (D:1)
  A giant cockroach (D:1)
  3 goblins (D:1)
  2 hobgoblins
  5 jackals (D:1)
  3 kobolds (D:1)
  2 rats
18 creatures vanquished.

Notes
Turn   | Place    | Note
--------------------------------------------------------------
     0 | D:1      | jacquesderrida the Demonspawn Skald began the quest for the Orb.
     0 | D:1      | Reached XP level 1. HP: 16/16 MP: 3/3
    46 | D:1      | Reached skill level 1 in Dodging
   133 | D:1      | Gained mutation: Your flesh is heat resistant. [demonic ancestry]
   133 | D:1      | Reached XP level 2. HP: 11/22 MP: 0/5
   178 | D:1      | Reached skill level 3 in Charms
   339 | D:2      | Noticed Sigmund
   343 | D:2      | Slain by Sigmund

Skill      XL: |  1  2 |
---------------+-------+-----
Dodging        | 1 |  1.1
Polearms       | 2 |  2.1
Charms         | 3 |  3.0
Fighting       | |  2.4
Armour         | |  0.8
Spellcasting   | |  2.1

Action                   || total
-------------------------++-------
Melee: Spear             ||    60
 Cast: Infusion          ||     1
Armor: Leather armour    ||    15
Dodge: Dodged            ||    25
